 Dungeon Crawl Stone Soup version 0.13-a0-2537-g1f6edf4 (webtiles) character file.

1559 Kae the Conjurer (level 8, -8/41 HPs)
             Began as a Tengu Fire Elementalist on July 27, 2013.
             Was an Initiate of Vehumet.
             Mangled by Joseph
             ... wielding a +0,+0 quarterstaff of protection
              (14 damage)
             ... on Level 7 of the Dungeon.
             The game lasted 00:11:31 (7420 turns).

Kae the Conjurer (Tengu Fire Elementalist)          Turns: 7420, Time: 00:11:31

HP  -8/41        AC  4     Str 10      XL: 8   Next: 46%
MP  12/29        EV 12     Int 17      God: Vehumet [......]
Gold 341         SH  0     Dex 14      Spells:  6 memorised,  0 levels left

Res.Fire  : . . .   See Invis. : .   r - staff of wizardry
Res.Cold  : + . .   Warding    : .   a - +0 robe
Life Prot.: . . .   Conserve   : .   (no shield)
Res.Poison: .       Res.Corr.  : .   (helmet restricted)
Res.Elec. : .       Clarity    : .   (no cloak)
Sust.Abil.: . .     Spirit.Shd : .   y - +1 pair of gloves
Res.Mut.  : .       Stasis     : .   (boots unavailable)
Res.Rott. : .       Flight     : .   (no amulet)
Saprovore : . . .                    q - ring of protection from cold
                                     e - ring of magical power

@: slightly resistant to hostile enchantments, fairly stealthy
A: able to fly, beak, talons 3
a: Fly, Renounce Religion


You were on level 7 of the Dungeon.
You worshipped Vehumet.
Vehumet was noncommittal.
You were not hungry.

You visited 2 branches of the dungeon, and saw 8 of its levels.

You collected 321 gold pieces.

Inventory:

Hand weapons
 j - a +2,+0 short sword
Armour
 a - a +0 robe (worn)
 y - a +1 pair of gloves (worn)
Magical devices
 D - a wand of enslavement (19)
Comestibles
 c - 7 bread rations
 f - a meat ration
 o - an apple
Scrolls
 h - a scroll of teleportation
 i - 2 scrolls of recharging
 k - 2 scrolls of blinking
 l - 2 scrolls of amnesia
 p - 2 scrolls of noise
 z - 4 scrolls of remove curse
Jewellery
 e - a ring of magical power (left hand)
 q - a ring of protection from cold (right hand)
Potions
 d - a potion of brilliance {unknown}
 m - a potion of might {unknown}
 n - a potion of slowing {unknown}
 v - a potion of magic {unknown}
 w - a potion of heal wounds {unknown}
 B - 2 potions of curing
 E - 2 potions of flight
Books
 b - a book of Flames

   Spells                             Type                      Level
   *Flame Tongue                      Conjuration/Fire             1
   *Throw Flame                       Conjuration/Fire             2
   *Conjure Flame                     Conjuration/Fire             3
   Inner Flame                        Hexes/Fire                   3
   *Sticky Flame                      Conjuration/Fire             4
   Fireball                           Conjuration/Fire             5
 g - a book of Frost

   Spells                             Type                      Level
   Freeze                             Ice                          1
   *Throw Frost                       Conjuration/Ice              2
   Ozocubu's Armour                   Charms/Ice                   3
   *Throw Icicle                      Conjuration/Ice              4
   Summon Ice Beast                   Ice/Summoning                4
   Condensation Shield                Ice                          4
 t - a book of Wizardry

   Spells                             Type                      Level
   Summon Elemental                   Summoning                    4
   Agony                              Necromancy                   5
   Force Lance                        Conjuration                  5
   Fireball                           Conjuration/Fire             5
   Haste                              Charms                       6
   Invisibility                       Hexes                        6
Magical staves
 r - an uncursed staff of wizardry (weapon)


   Skills:
 - Level 2.1 Dodging
 - Level 2.0 Stealth
 + Level 4.7 Spellcasting
 * Level 9.0 Conjurations
 + Level 6.3 Fire Magic


You couldn't memorise any spells.
You knew the following spells:

 Your Spells              Type           Power        Failure   Level  Hunger
a - Flame Tongue          Conj/Fire      ####.        1%          1    None
b - Throw Flame           Conj/Fire      ####..       1%          2    #......
c - Conjure Flame         Conj/Fire      ####....     1%          3    ###....
d - Throw Frost           Conj/Ice       ###...       1%          2    #......
e - Sticky Flame          Conj/Fire      ####....     3%          4    ####...
f - Throw Icicle          Conj/Ice       ###.....     8%          4    ####...


Dungeon Overview and Level Annotations

Branches:
Dungeon (7/27)             Temple (1/1) D:6
    Orc: D:6-11

Altars:
Ashenzari
Cheibriados
Elyvilon
Fedhas
Kikubaaqudgha
Makhleb
Okawaru
Sif Muna
Vehumet
Xom
Yredelemnul
the Shining One

Portals:
Ziggurat: D:6 (4300 gp)

Annotations
D:7 Joseph


Innate Abilities, Weirdness & Mutations

You can fly.
You have a beak for a mouth.
You have claws for feet.


Message History

Casting: Flame Tongue
Confirm with . or Enter, or press ? or * to list all spells.
Aiming: Sticky Flame
Press: ? - help, Shift-Dir - straight line, f/p - Joseph
Aim: Joseph, wielding a runed quarterstaff, wearing a ring mail and carrying a wand of flame {zapped: 4} (heavily wounded, covered in liquid flames)
The sticky flame hits Joseph.
Joseph is severely wounded.
Joseph is covered in liquid flames!
Joseph burns!
Joseph zaps a wand.
The puff of flame hits you!
* * * LOW HITPOINT WARNING * * *
Casting: Sticky Flame
Confirm with . or Enter, or press ? or * to list all spells.
Aiming: Sticky Flame
Press: ? - help, Shift-Dir - straight line, f/p - Joseph
Aim: Joseph, wielding a runed quarterstaff, wearing a ring mail and carrying a wand of flame {zapped: 5} (severely wounded, covered in liquid flames)
The sticky flame hits Joseph.
Joseph is severely wounded.
Joseph burns!
Joseph hits you with an uncursed runed quarterstaff!
You die...

. .... #.#.# #..
#.#.###.. .# #....
... ..# #.
#...###.#####..##
.#..#...(.........>..
........#
#...........
.(...#..###.#(.##..##
............!#@.#
.....#.<#####@.#
.........# #..#
###...... #..#
####.... .... #.####
#.... #. ##.## .. ..
## #


You could see Joseph (burning).

Vanquished Creatures
  Grinder (D:3)
  2 ogres
  3 centaurs
  A crimson imp (D:5)
  A hound (D:6)
  A giant frog skeleton (D:5)
  An orc priest (D:5)
  2 iguanas (D:6)
  2 scorpions
  3 worker ants
  2 orc wizards (D:4)
  An ogre zombie (D:5)
  An ogre skeleton (D:5)
  2 giant mites
  5 adders
  4 worms
  An iguana skeleton (D:4)
  A giant eyeball (D:5)
  4 giant geckos
  An ooze (D:5)
  13 orcs
  A bat skeleton (D:4)
  9 hobgoblins
  8 jackals
  14 kobolds
  4 quokkas
  2 ball pythons
  9 bats
  4 giant cockroaches
  2 giant newts
  7 goblins
  An orc skeleton (D:5)
  A quokka skeleton (D:6)
  9 rats
123 creatures vanquished.

Vanquished Creatures (others)
  3 gnolls (D:3)
3 creatures vanquished.

Grand Total: 126 creatures vanquished

Notes
Turn   | Place    | Note
--------------------------------------------------------------
     0 | D:1      | Kae, the Tengu Fire Elementalist, began the quest for the Orb.
     0 | D:1      | Reached XP level 1. HP: 10/10 MP: 3/3
   399 | D:1      | Reached XP level 2. HP: 7/15 MP: 0/5
   554 | D:1      | Learned a level 2 spell: Throw Flame
  1357 | D:1      | Reached XP level 3. HP: 19/19 MP: 7/7
  2288 | D:2      | Reached XP level 4. HP: 18/24 MP: 9/9
  2371 | D:2      | Learned a level 3 spell: Conjure Flame
  2937 | D:3      | Noticed Grinder
  2966 | D:3      | Killed Grinder
  2966 | D:3      | Reached skill level 5 in Conjurations
  2966 | D:3      | Reached XP level 5. HP: 28/28 MP: 8/12
  2966 | D:3      | Reached XP level 6. HP: 32/32 MP: 8/14
  3662 | D:4      | Reached skill level 6 in Conjurations
  3932 | D:4      | Reached skill level 5 in Fire Magic
  3932 | D:4      | Reached XP level 7. HP: 11/36 MP: 17/17
  4335 | D:5      | Entered Level 5 of the Dungeon
  4374 | D:5      | Reached skill level 7 in Conjurations
  4965 | D:5      | Found an ancient bone altar of Kikubaaqudgha.
  5261 | D:5      | Reached XP level 8. HP: 30/41 MP: 20/20
  5388 | D:5      | Reached skill level 8 in Conjurations
  6123 | D:6      | Found a gateway to a ziggurat.
  6195 | D:6      | Found an iron altar of Okawaru.
  6320 | D:6      | Found a staircase to the Ecumenical Temple.
  6339 | Temple   | Entered the Ecumenical Temple
  6699 | Temple   | Became a worshipper of Vehumet
  6732 | D:6      | Learned a level 2 spell: Throw Frost
  6737 | D:6      | Learned a level 4 spell: Sticky Flame
  6742 | D:6      | Learned a level 4 spell: Throw Icicle
  7031 | D:6      | Reached skill level 9 in Conjurations
  7399 | D:7      | Noticed Joseph
  7413 | D:7      | HP: 1/41 [Joseph/uncursed runed quarterstaff (19)]
  7420 | D:7      | Mangled by Joseph

Action                   |  1- 3 |  4- 6 |  7- 9 || total
-------------------------+-------+-------+-------++-------
Melee: Unarmed           |    46 |       |       ||    46
       Short sword       |    22 |     4 |    37 ||    63
       Staff             |       |       |     8 ||     8
 Cast: Flame Tongue      |    54 |    84 |   130 ||   268
       Throw Flame       |       |     7 |    25 ||    32
       Conjure Flame     |       |     1 |     3 ||     4
       Sticky Flame      |       |       |     5 ||     5
       Throw Frost       |       |       |     1 ||     1
Evoke: Wand              |       |     2 |     3 ||     5
  Use: Scroll            |       |    15 |     3 ||    18
       Potion            |       |       |     3 ||     3
 Stab: Sleeping          |     1 |       |       ||     1
